 Dungeon Crawl Stone Soup version 0.24.0-123-gd5b16e6ec5 (webtiles) character file.

Game seed: 2757394460222660226, levelgen mode: deterministic

1421 Napalmbreeze the Skirmisher (level 8, -1/66 HPs)
             Began as a Vine Stalker Berserker on Jan 21, 2020.
             Was a Priest of Trog.
             Slain by a yak (12 damage)
             ... on level 5 of the Dungeon.
             The game lasted 00:10:47 (4371 turns).

Napalmbreeze the Skirmisher (VSBe)                  Turns: 4371, Time: 00:10:47

Health: -1/66      AC:  6    Str: 27    XL:     8   Next: 72%
Magic:  0/9        EV: 14    Int:  7    God:    Trog [***...]
Gold:   349        SH:  0    Dex: 14    Spells: 7/7 levels left

rFire    + . .     SeeInvis .     - Unarmed
rCold    . . .     Gourm    .   (no shield)
rNeg     . . .     Faith    .   g - +0 scale mail
rPois    .         Spirit   +   (no helmet)
rElec    .         Reflect  .   (no cloak)
rCorr    .         Harm     +   (no gloves)
MR       +....                  (no boots)
Stlth    ..........             s - amulet of harm
HPRegen  0.61/turn              c - ring of protection from fire
MPRegen  0.11/turn              r - +2 ring of evasion

@: berserking, very quick
A: fangs 3, regeneration 1, magic shield, antimagic bite, no potion heal 3, rot
immunity
a: Berserk, Trog's Hand, Renounce Religion


You were on level 5 of the Dungeon.
You worshipped Trog.
Trog was most pleased with you.
You were very hungry.

You visited 1 branch of the dungeon, and saw 5 of its levels.

You collected 349 gold pieces.

Inventory:

Armour
 e - a +0 leather armour
 g - a +0 scale mail (worn)
Jewellery
 c - a ring of protection from fire (left hand)
 r - a +2 ring of evasion (right hand)
 s - an amulet of harm (around neck)
 t - an uncursed ring of fire
 y - an uncursed ring of flight
Wands
 k - a wand of random effects (13)
 B - a wand of enslavement (5)
Scrolls
 a - a scroll of enchant weapon {unknown}
 h - a scroll of teleportation {unknown}
 i - 6 scrolls of remove curse
 l - 3 scrolls of identify {unknown}
 n - a scroll of noise {unknown}
 o - a scroll of random uselessness {unknown}
 p - a scroll of amnesia {unknown}
 q - 2 scrolls of magic mapping {unknown}
 v - a scroll of immolation {unknown}
 w - a scroll of fear {unknown}
 z - a scroll of fog {unknown}
Potions
 d - 3 potions of curing {unknown}
 f - a potion of brilliance {unknown}
 j - a potion of heal wounds {unknown}
 m - 4 potions of degeneration {unknown}
 u - a potion of flight {unknown}
 A - 2 potions of haste {unknown}
Comestibles
 b - 8 rations
 x - 10 chunks of flesh


   Skills:
 - Level 6.1 Fighting
 + Level 3.3 Armour
 - Level 4.1 Dodging
 - Level 5.0 Stealth
 + Level 5.5 Unarmed Combat


You had 7 spell levels left.
You didn't know any spells.
Your spell library was empty.

Dungeon Overview and Level Annotations

Branches:
Dungeon (5/15)
 Temple: D:4-7

Altars:
Makhleb
Okawaru
Xom

Shops:
D:5 [


Innate Abilities, Weirdness & Mutations

You have razor-sharp teeth.
Your natural rate of healing is unusually fast.
When hurt, damage is shared between your health and your magic reserves.
Your bite disrupts and absorbs the magic of your enemies.
Potions cannot restore your health.
You are immune to rotting.


Message History

The yak gores you.
You closely miss the yak.
The yak is almost dead.
The yak gores you!
You are feeling hungry.
You hit the yak but do no damage.
The yak is almost dead.
The yak misses you.
You barely miss the yak. Your bite misses the yak.
The yak is almost dead.
You hit the yak but do no damage. You bite the yak. You drain its power.
You feel invigorated.
The yak is almost dead.
The yak gores you!
* * * LOW HITPOINT WARNING * * *
A red film seems to cover your vision as you go berserk!
You feel yourself moving faster!
You feel mighty!
You are feeling very hungry.
The yak gores you!
You die...

#########..### #.##.#.
######............# #...... ##
................#####..#.#. .#
####...#...(..........#.#. )#
#.....#####..........#.#. )#
#.#..## #..#######...#.
.########....# #..............
.............######.##########.##
...............Y@...# ###
#####################


You could see a yak.

Vanquished Creatures
  Sigmund (D:2)
  4 yaks (D:5)
  A centaur (D:5)
  A scorpion (D:5)
  A howler monkey (D:5)
  2 bullfrog zombies (D:5)
  2 hounds (D:4)
  An orc priest (D:5)
  An orc wizard (D:4)
  An iguana (D:4)
  3 worker ants
  6 gnolls
  13 adders
  An ooze (D:2)
  3 adder skeletons
  2 worms
  5 dart slugs
  4 leopard geckos
  9 orcs
  2 ball pythons
  10 bats
  4 giant cockroaches
  6 goblins
  4 hobgoblins
  6 jackals
  3 quokkas
  8 frilled lizards
  7 kobolds
  2 leopard gecko skeletons
  A quokka zombie (D:5)
  5 rats
  A butterfly (D:2)
120 creatures vanquished.

Notes
Turn   | Place    | Note
-------+----------+-------------------------------------------
     0 | D:1      | Napalmbreeze the Vine Stalker Berserker began the quest for
                  | the Orb.
     0 | D:1      | Reached XP level 1. HP: 11/11 MP: 2/2
   344 | D:1      | Reached XP level 2. HP: 16/16 MP: 3/3
   351 | D:1      | Reached skill level 3 in Fighting
   352 | D:1      | Reached skill level 1 in Stealth
   657 | D:1      | Reached XP level 3. HP: 7/20 MP: 4/4
   957 | D:1      | Found an iron altar of Okawaru.
  1200 | D:2      | Found a shimmering altar of Xom.
  1220 | D:2      | Reached ** piety under Trog
  1380 | D:2      | Noticed Sigmund
  1430 | D:2      | Gained mutation: Your natural rate of healing is unusually
                  | fast. [Vine Stalker growth]
  1430 | D:2      | Reached XP level 4. HP: 24/24 MP: 5/5
  1830 | D:2      | Found a shimmering altar of Xom.
  1842 | D:2      | Killed Sigmund
  1842 | D:2      | Reached skill level 4 in Fighting
  1842 | D:2      | Reached XP level 5. HP: 30/30 MP: 6/6
  1842 | D:2      | Reached XP level 6. HP: 34/34 MP: 7/7
  3139 | D:4      | Reached XP level 7. HP: 38/38 MP: 6/8
  3140 | D:4      | Found a burning altar of Makhleb.
  3690 | D:4      | Reached skill level 5 in Fighting
  3831 | D:5      | Entered Level 5 of the Dungeon
  3868 | D:5      | Reached *** piety under Trog
  4253 | D:5      | Gained mutation: You have razor-sharp teeth. [Vine Stalker
                  | growth]
  4253 | D:5      | Reached XP level 8. HP: 39/44 MP: 9/9
  4267 | D:5      | Found Igyum's Antique Armour Boutique.
  4271 | D:5      | Noticed a yak
  4272 | D:5      | Noticed a yak
  4272 | D:5      | Noticed a yak
  4273 | D:5      | Noticed a yak
  4273 | D:5      | Noticed a yak
  4303 | D:5      | Killed a yak
  4303 | D:5      | Reached skill level 5 in Stealth
  4303 | D:5      | Reached skill level 5 in Unarmed Combat
  4309 | D:5      | Killed a yak
  4309 | D:5      | Reached skill level 6 in Fighting
  4312 | D:5      | Killed a yak
  4315 | D:5      | Killed a yak
  4371 | D:5      | Slain by a yak

Levels and vault maps discovered:
D:1:      eino_arrival_water_star, layout_rooms, grunt_decor_one_mirror,
          okawaru_ov_weapons_minmay
D:2:      layout_basic, xom_butterflies, first_ration, uniq_sigmund
D:3:      layout_loops_ring
D:4:      layout_basic, makhleb_blood_cavern_becter, minmay_increasing_density
D:5:      layout_basic, nicolae_qazlal_general_emergency, serial_shops,
          nicolae_shop_waterfront, nicolae_shop_crystal

Skill      XL: |  1  2  3  4  5  6  7  8 |
---------------+-------------------------+-----
Fighting       | 3 4 5 6 |  6.1
Stealth        | 1 3 4 5 |  5.0
Dodging        | 2 3 4 |  4.1
Unarmed Combat | 4 5 |  5.5
Armour         | 2 3 |  3.3

Action                   |  1- 3 |  4- 6 |  7- 9 || total
-------------------------+-------+-------+-------++-------
Melee: Unarmed           |   100 |   164 |   147 ||   411
       Bite              |    23 |    39 |    49 ||   111
       Punch             |     1 |     4 |     3 ||     8
Throw: Throwing net      |       |       |     2 ||     2
Invok: Berserk           |     6 |     3 |     4 ||    13
       Trog's Hand       |       |     1 |       ||     1
Evoke: Wand              |       |       |     2 ||     2
  Use: Scroll            |       |     1 |       ||     1
 Stab: Sleeping          |     1 |     2 |     2 ||     5
  Eat: Chunk             |     7 |     5 |     7 ||    19
       Ration            |       |     1 |       ||     1
Armor: Animal skin       |     9 |       |       ||     9
       Leather armour    |    14 |    17 |       ||    31
       Scale mail        |       |    18 |    40 ||    58
Dodge: Dodged            |    84 |    96 |    85 ||   265
